 Dungeon Crawl Stone Soup version 0.24-a0-441-g27f0392e16 (webtiles) character file.

Game seed: 1733419449618814623

6622 LabCoat the Severer (level 11, -56/93 HPs)
             Began as a Hill Orc Fighter on June 20, 2019.
             Was a Believer of Trog.
             Annihilated by a titanic slime creature (75 damage)
             ... on level 9 of the Dungeon.
             The game lasted 00:31:03 (9114 turns).

LabCoat the Severer (Hill Orc Fighter)              Turns: 9114, Time: 00:31:03

Health: -56/93     AC: 16    Str: 21    XL:     11   Next: 2%
Magic:  11/11      EV:  6    Int:  8    God:    Trog [**....]
Gold:   167        SH: 11    Dex: 12    Spells: 10/10 levels left

rFire    . . .     SeeInvis +   a - +0 war axe
rCold    . . .     Gourm    .   c - +0 shield
rNeg     . . .     Faith    .   A - +0 chain mail
rPois    .         Spirit   .   p - +0 helmet
rElec    .         Reflect  .   K - +2 cloak
rCorr    .         Harm     .   n - +0 pair of gloves
MR       .....                  (no boots)
Stlth    ..........             (no amulet)
HPRegen  0.25/turn              x - ring of see invisible
MPRegen  0.12/turn              (no ring)

@: berserk cooldown, slowed, very slow
A: no striking features
a: Berserk, Trog's Hand, Renounce Religion


You were on level 9 of the Dungeon.
You worshipped Trog.
Trog was pleased with you.
You were not hungry.

You visited 2 branches of the dungeon, and saw 10 of its levels.

You collected 537 gold pieces.
You spent 370 gold pieces at shops.

Inventory:

Hand Weapons
 a - a +0 war axe (weapon)
 k - a +1 flail of holy wrath
 F - a +1 broad axe
 J - a +0 fustibalus
Missiles
 I - 3 boomerangs (quivered)
Armour
 c - a +0 shield (worn)
 n - a +0 pair of gloves (worn)
 p - a +0 helmet (worn)
 r - a scarf of cloud immunity
 A - a +0 chain mail (worn)
 K - a +2 cloak (worn)
Jewellery
 x - a ring of see invisible (left hand)
Wands
 b - a wand of random effects (17)
 d - a wand of acid (5)
 g - a wand of iceblast (14)
 E - a wand of flame (9)
Scrolls
 h - 9 scrolls of teleportation
 i - 4 scrolls of remove curse
 l - 2 scrolls of magic mapping
 m - a scroll of fog {unknown}
 y - a scroll of noise {unknown}
 z - 2 scrolls of fear {unknown}
 B - a scroll of immolation {unknown}
 C - 2 scrolls of enchant weapon
 D - a scroll of enchant armour {unknown}
 G - a scroll of blinking {unknown}
 H - a scroll of summoning {unknown}
Potions
 e - a potion of heal wounds
 j - 9 potions of curing
 o - 3 potions of haste
 q - a potion of degeneration {unknown}
 s - 2 potions of brilliance
 t - 3 potions of flight
 u - a potion of agility
 v - a potion of mutation {unknown}
 w - 2 potions of berserk rage
Comestibles
 f - 7 rations


   Skills:
 + Level 7.7 Fighting
 * Level 15.6 Axes
 + Level 0.8 Throwing
 + Level 7.9 Armour
 + Level 7.1 Shields


You had 10 spell levels left.
You didn't know any spells.
Your spell library contained the following spells:

 Spells                   Type           Power        Failure   Level  Hunger
 Bolt of Magma            Conj/Fire/Erth #.........   100%        5    ######.
 Iskenderun's Battlesphe  Conj/Chrm      #.......     100%        5    ######.
 Venom Bolt               Conj/Pois      #.........   100%        5    ######.
 Iron Shot                Conj/Erth      #.........   100%        6    #######
 Orb of Destruction       Conj           #.........   100%        7    #######
 Spellforged Servitor     Conj/Summ      #.........   100%        7    #######


Dungeon Overview and Level Annotations

Branches:
Dungeon (9/15)             Temple (1/1) D:5            Lair (0/6) D:8
    Orc: D:9-12

Altars:
Ashenzari
Cheibriados
Dithmenos
Elyvilon
Fedhas
Gozag
Hepliaklqana
Kikubaaqudgha
Makhleb
Nemelex Xobeh
Okawaru
Qazlal
Ru
Sif Muna
Trog
Uskayaw
Vehumet
Wu Jian
Xom
Yredelemnul
The Shining One

Shops:
D:7 ?!

Annotations:
D:7 2 transporters, firegrace's ghost, novice DrSk


Message History

You have reached level 11!
Two slime creatures merge to form a titanic slime creature.
A hungry ghost comes into view.
The titanic slime creature hits you!!
Things that are here:
a +0 giant club x2; a two-headed ogre corpse You slash the titanic slime creature!
The titanic slime creature is lightly wounded.
You slash the titanic slime creature!
The titanic slime creature is lightly wounded.
The titanic slime creature hits you!!!
* * * LOW HITPOINT WARNING * * *
You feel a strong urge to attack something.
There is an open door here.
You are no longer berserk.
You are exhausted.
You feel yourself slow down. The titanic slime creature hits you!!!!
Ouch! That really hurt!
You die...

##########
####........#
#####..+........#
#.....##........#
##.....##........#
#>..........#..###
#......#.####.)####...
#......#+#<...).......
#....#....@JW.#####...
#.#.##........'.#
#.............#.#
#.##.##._..####)#
#.##......## #.#
#.##...#### #W.
#..+...+ .... ####...#
#.... ###.. ..##..


You could see a titanic slime creature and a hungry ghost.

Vanquished Creatures
  Gastronok (D:8)
  A two-headed ogre (D:9)
  Pikel (D:7)
  A hippogriff (D:9)
  Sigmund (D:5)
  A hungry ghost (D:8)
  Eustachio (D:5)
  2 porcupines (D:8)
  A hornet zombie (D:8)
  3 orc warriors
  2 sky beasts
  Duvessa (D:6)
  3 slaves (D:7)
  A phantom (D:7)
  4 ice beasts
  3 ogres
  A centaur (D:8)
  5 bullfrogs
  Dowan (D:6)
  2 scorpions
  5 electric eels (D:8)
  2 howler monkeys
  A bullfrog zombie (D:5)
  2 crimson imps (D:7)
  A centaur zombie (D:5)
  A gnoll shaman (D:7)
  2 orc priests (D:5)
  5 hounds
  3 jellies
  3 orc wizards
  4 worker ants
  3 hound skeletons
  2 worker ant zombies
  7 gnolls
  12 adders
  2 shadow imps
  An adder zombie (D:5)
  An adder skeleton (D:6)
  4 dart slugs
  5 leopard geckos
  14 orcs
  8 bats
  4 giant cockroaches
  4 goblins
  6 hobgoblins
  6 jackals
  4 quokkas
  A ball python (D:4)
  5 frilled lizards
  A jackal skeleton (D:4)
  6 kobolds
  A leopard gecko skeleton (D:6)
  7 rats
  A fungus (D:5)
170 creatures vanquished.

Notes
Turn   | Place    | Note
-------+----------+-------------------------------------------
     0 | D:1      | LabCoat the Hill Orc Fighter began the quest for the Orb.
     0 | D:1      | Reached XP level 1. HP: 19/19 MP: 1/1
   330 | D:1      | Reached XP level 2. HP: 27/27 MP: 2/2
   563 | D:1      | Reached skill level 3 in Axes
  1039 | D:1      | Reached XP level 3. HP: 32/33 MP: 3/3
  1174 | D:2      | Found an iron altar of Okawaru.
  1666 | D:2      | Reached skill level 4 in Axes
  1666 | D:2      | Reached XP level 4. HP: 18/40 MP: 4/4
  1892 | D:2      | Found a shimmering altar of Xom.
  2205 | D:3      | Noticed a bullfrog
  2213 | D:3      | Killed a bullfrog
  2213 | D:3      | Reached XP level 5. HP: 38/46 MP: 5/5
  2283 | D:3      | Reached skill level 5 in Axes
  3530 | D:4      | Found a hazy altar of Hepliaklqana.
  3718 | D:4      | Reached skill level 6 in Axes
  3718 | D:4      | Reached XP level 6. HP: 51/53 MP: 6/6
  3835 | D:5      | Entered Level 5 of the Dungeon
  3835 | D:5      | Found a staircase to the Ecumenical Temple.
  3836 | D:5      | You fall into a shaft and drop 1 floor!
  3882 | D:6      | Noticed Duvessa
  3882 | D:6      | Noticed Dowan
  3909 | D:5      | Reached skill level 7 in Axes
  3920 | D:5      | Reached XP level 7. HP: 45/60 MP: 7/7
  3922 | Temple   | Entered the Ecumenical Temple
  4050 | Temple   | Became a worshipper of Trog the Wrathful
  4086 | D:5      | Noticed Eustachio
  4105 | D:5      | Killed Eustachio
  4106 | D:5      | Reached skill level 8 in Axes
  4106 | D:5      | Reached skill level 5 in Armour
  4182 | D:5      | Found an iron altar of Okawaru.
  4185 | D:5      | Found a white marble altar of Elyvilon.
  4188 | D:5      | Found a basalt altar of Yredelemnul.
  4296 | D:5      | Noticed Sigmund
  4309 | D:5      | Killed Sigmund
  4309 | D:5      | Reached skill level 5 in Fighting
  4416 | D:5      | Reached skill level 9 in Axes
  4416 | D:5      | Reached XP level 8. HP: 67/68 MP: 8/8
  4858 | D:5      | Found a sacrificial altar of Ru.
  4920 | D:6      | Reached skill level 10 in Axes
  5019 | D:6      | Reached * piety under Trog
  5080 | D:6      | Killed Duvessa
  5080 | D:6      | Reached skill level 5 in Shields
  5082 | D:6      | Killed Dowan
  5172 | D:6      | Reached skill level 11 in Axes
  5737 | D:7      | Reached XP level 9. HP: 75/75 MP: 9/9
  5831 | D:7      | Found a transporter.
  5837 | D:7      | Reached skill level 12 in Axes
  5844 | D:7      | Found a transporter.
  5846 | D:7      | Noticed firegrace's ghost (novice DrSk)
  6022 | D:7      | Found Oxistug's Distillery.
  6042 | D:7      | Bought 2 potions of heal wounds for 140 gold pieces
  6042 | D:7      | Bought a potion of curing for 42 gold pieces
  6042 | D:7      | Bought a potion of curing for 42 gold pieces
  6042 | D:7      | Bought 2 potions of curing for 84 gold pieces
  6042 | D:7      | Bought a potion of curing for 42 gold pieces
  6148 | D:7      | Noticed Pikel
  6181 | D:7      | Killed Pikel
  6508 | D:7      | Reached skill level 13 in Axes
  6537 | D:7      | Found Adyenkei's Magic Scroll Shoppe.
  6836 | D:7      | Bought a scroll of identify for 20 gold pieces
  6889 | D:8      | Reached ** piety under Trog
  7047 | D:8      | Found a staircase to the Lair.
  7057 | D:8      | Reached XP level 10. HP: 61/84 MP: 10/10
  7394 | D:8      | Noticed Gastronok
  7411 | D:8      | Killed Gastronok
  7411 | D:8      | Reached skill level 14 in Axes
  8081 | D:8      | Reached skill level 15 in Axes
  8759 | D:9      | Found a snail-covered altar of Cheibriados.
  9081 | D:9      | Noticed a two-headed ogre
  9105 | D:9      | Killed a two-headed ogre
  9105 | D:9      | Reached XP level 11. HP: 93/93 MP: 11/11
  9114 | D:9      | Annihilated by a titanic slime creature

Levels and vault maps discovered:
D:1:      lightli_arrival_flooded_house, layout_basic
D:2:      layout_loops_corners, lemuel_round_altar, first_ration,
          okawaru_ov_weapons_minmay
D:3:      layout_loops_cross
D:4:      layout_basic, nicolae_overflow_hidden_temple
D:5:      layout_rooms, nicolae_ru_the_path_less_chosen,
          grunt_temple_overflow_diamond, minmay_temple_entry_statues_fountains,
          hangedman_abyss_or_decor_slice, uniq_sigmund, uniq_eustachio
D:6:      layout_gridville, enter_ossuary_5, uniq_duvessa
D:7:      layout_gridville, gammafunk_ghost_arena, serial_shops, shop, shop,
          minivault_5, moated_statue, chequers_serial_rivers_micro_a,
          minmay_misc_feat_ornament, uniq_pikel
D:8:      layout_basic, grunt_lair_entry_orc_guard_hut, serial_bayou,
          serial_bayou_lake_a, serial_bayou_ford_a, serial_bayou_crossing,
          serial_bayou_pond_a, uniq_gastronok
D:9:      minmay_ornate_pinched, layout_basic, zin_scriptorium,
          cheibriados_altar_1
Temple:   jpeg_temple_clearing

Skill      XL: |  1  2  3  4  5  6  7  8  9 10 |
---------------+-------------------------------+-----
Fighting       | 4 5 6 7 |  7.7
Axes           | 3 4 6 7 9 11 13 15 | 15.6
Armour         | 4 5 6 7 |  7.9
Shields        | 4 5 6 7 |  7.1
Throwing       | |  0.8

Action                   |  1- 3 |  4- 6 |  7- 9 | 10-12 || total
-------------------------+-------+-------+-------+-------++-------
Melee: War axe           |   103 |   138 |   300 |   129 ||   670
Throw: Boomerang         |       |       |       |    12 ||    12
Invok: Berserk           |       |       |     2 |     5 ||     7
Evoke: Wand              |       |       |     1 |       ||     1
  Use: Scroll            |     5 |     2 |     3 |     1 ||    11
       Potion            |       |     1 |     3 |     4 ||     8
  Eat: Chunk             |     2 |     3 |     4 |     6 ||    15
       Ration            |       |     2 |     2 |     2 ||     6
Armor: Scale mail        |    33 |    60 |     8 |       ||   101
       Chain mail        |       |       |   130 |    31 ||   161
Dodge: Dodged            |    22 |    60 |    58 |    20 ||   160
Block: Shield            |    62 |    76 |   146 |    41 ||   325

Table legend:
 A = Non-vault XP
 B = Vault XP
 C = Vault XP percentage of total XP
 D = Non-vault monster count
 E = Vault monster count
 F = Vault count percentage of total count
                 A         B        C        D         E       F
            +---------+---------+-------+---------+---------+-------
      Total |    5405 |    4055 |  42.9 |     156 |      10 |   6.0
            +---------+---------+-------+---------+---------+-------
        D:1 |      34 |       0 |   0.0 |      19 |       0 |   0.0
        D:2 |      53 |       0 |   0.0 |       9 |       0 |   0.0
        D:3 |     196 |       0 |   0.0 |      26 |       0 |   0.0
        D:4 |      82 |       0 |   0.0 |       7 |       0 |   0.0
        D:5 |     733 |     394 |  35.0 |      21 |       2 |   8.7
        D:6 |     551 |     208 |  27.4 |      15 |       2 |  11.8
        D:7 |    1155 |     607 |  34.4 |      27 |       1 |   3.6
        D:8 |    1063 |    2846 |  72.8 |      22 |       5 |  18.5
        D:9 |    1538 |       0 |   0.0 |      10 |       0 |   0.0
            +---------+---------+-------+---------+---------+-------
